 Dungeon Crawl Stone Soup version 0.19-b1-5-gdc9fa9d (webtiles) character file.

719 Hieropants the Conjurer (level 7, 0/36 HPs)
             Began as a Tengu Fire Elementalist on Nov 1, 2016.
             Was an Initiate of Sif Muna.
             Slain by a sky beast (2 damage)
             ... on level 4 of the Dungeon.
             The game lasted 00:14:05 (5234 turns).

Hieropants the Conjurer (Tengu Fire Elementalist)   Turns: 5234, Time: 00:14:06

Health: 0/36       AC:  3    Str:  8    XL:     7   Next: 70%
Magic:  9/12       EV: 11    Int: 18    God:    Sif Muna [......]
Gold:   183        SH:  3    Dex: 14    Spells: 4 memorised, 2 levels left

rFire  . . .     SeeInvis .     r - +1 morningstar (protect)
rCold  . . .     Gourm    .     y - +0 leather armour
rNeg   . . .     Faith    .     h - +0 buckler
rPois  .         Spirit   .     (helmet restricted)
rElec  .         Reflect  .     (no cloak)
rCorr  .         Harm     .     (no gloves)
MR     .....                    (boots unavailable)
Stlth  ++........               (no amulet)
                                (no ring)
                                w - ring of wizardry

@: no status effects
A: beak, talons 3, able to fly 1
a: Fly, Renounce Religion


You were on level 4 of the Dungeon.
You worshipped Sif Muna.
Sif Muna was noncommittal.
You were hungry.

You visited 2 branches of the dungeon, and saw 5 of its levels.

You collected 183 gold pieces.

Inventory:

Hand Weapons
 r - a +1 morningstar of protection (weapon)
Armour
 h - a +0 buckler (worn)
 y - a +0 leather armour (worn)
Jewellery
 w - a ring of wizardry (left hand)
Scrolls
 a - a scroll of magic mapping {unknown}
 f - a scroll of identify
 i - 2 scrolls of fear
 l - 2 scrolls of teleportation
Potions
 d - a potion of cure mutation {unknown}
 e - a potion of heal wounds {unknown}
 g - a potion of lignification {unknown}
 m - 2 potions of flight {unknown}
 n - a potion of might {unknown}
 o - a potion of curing {unknown}
 q - a potion of berserk rage
 u - a potion of invisibility {unknown}
Books
 b - a book of Flames

   Spells                             Type                      Level
   a - Flame Tongue                   Conjuration/Fire             1
   b - Throw Flame                    Conjuration/Fire             2
   c - Conjure Flame                  Conjuration/Fire             3
   d - Inner Flame                    Hexes/Fire                   3
   e - Sticky Flame                   Conjuration/Fire             4
   f - Fireball                       Conjuration/Fire             5
 k - a book of Maledictions

   Spells                             Type                      Level
   a - Corona                         Hexes                        1
   b - Ensorcelled Hibernation        Hexes/Ice                    2
   c - Confuse                        Hexes                        3
   d - Tukima's Dance                 Hexes                        3
   e - Dazzling Spray                 Conjuration/Hexes            3
Comestibles
 c - 2 bread rations
 j - 2 meat rations
 t - a royal jelly
 x - a slice of pizza


   Skills:
 - Level 2.1 Dodging
 - Level 2.0 Stealth
 + Level 3.0 Spellcasting
 + Level 7.1 Conjurations
 + Level 6.9 Fire Magic


You had 2 spell levels left.
You knew the following spells:

 Your Spells              Type           Power        Failure   Level  Hunger
a - Flame Tongue          Conj/Fire      ####.        1%          1    None
b - Throw Flame           Conj/Fire      ####..       1%          2    ##.....
c - Conjure Flame         Conj/Fire      ####....     4%          3    ###....
d - Sticky Flame          Conj/Fire      ####....     10%         4    ####...


Dungeon Overview and Level Annotations

Branches:
Dungeon (4/15)             Temple (1/1) D:4

Altars:
Ashenzari
Cheibriados
Dithmenos
Elyvilon
Makhleb
Nemelex Xobeh
Okawaru
Ru
Sif Muna
Vehumet
The Shining One


Innate Abilities, Weirdness & Mutations

You have a beak for a mouth.
You have claws for feet.
You can fly.


Message History

The flame tongue hits the sky beast.
The sky beast is moderately wounded.
The sky beast flickers out of sight!
Deactivating autopickup; reactivate with Ctrl-A.
Casting: Flame Tongue
Confirm with . or Enter, or press ? or * to list all spells.
You can't see any susceptible monsters within range! (Use Z to cast anyway.)
Something hits you. Something shocks you.
Something hits you but does no damage. Something hits you but does no damage.
You miss something. Your kick misses something. Something hits you.
Something shocks you.
Your shield prevents you from hitting something.
You block something's attack. Something hits you. Something shocks you.
You miss something. You claw something. Something hits you.
* * * LOW HITPOINT WARNING * * *
Something shocks you.
* * * LOW HITPOINT WARNING * * *
Something hits you.
You die...

################
...............#.....#
...............#.....#
...............#.....#
.......@{......#.....#
...............#.....#
...............#.....#
...............#.....#
.###+########'##.....#
#........#### #...
#........# #...#
#........# .#...#
#........#


There were no monsters in sight!

Vanquished Creatures
  Sigmund (D:2)
  A centaur (D:4)
  The ghost of mordus the Firebug, an amateur TeFE of Hepliaklqana (D:3)
  A bullfrog zombie (D:3)
  An orc priest (D:3)
  A hound (D:4)
  Natasha (thrice) (D:2)
  4 worker ants
  7 adders
  4 dart slugs
  3 leopard geckos
  5 orcs (D:3)
  2 ball pythons
  10 bats
  3 giant cockroaches
  10 goblins
  6 hobgoblins
  5 jackals
  A quokka (D:2)
  5 frilled lizards
  9 kobolds
  8 rats
91 creatures vanquished.

Notes
Turn   | Place    | Note
-------+----------+-------------------------------------------
     0 | D:1      | Hieropants the Tengu Fire Elementalist began the quest for the Orb.
     0 | D:1      | Reached XP level 1. HP: 10/10 MP: 4/4
    32 | D:1      | You fall through a shaft!
   118 | D:2      | Reached XP level 2. HP: 12/15 MP: 4/6
   179 | D:2      | Reached skill level 2 in Conjurations
   207 | D:1      | Learned a level 2 spell: Throw Flame
   520 | D:1      | Reached XP level 3. HP: 16/19 MP: 0/7
   642 | D:1      | Learned a level 3 spell: Conjure Flame
  1010 | D:2      | Reached skill level 3 in Conjurations
  1271 | D:2      | Reached XP level 4. HP: 6/24 MP: 0/8
  1569 | D:2      | Noticed Natasha
  1575 | D:2      | Killed Natasha
  1817 | D:2      | Noticed Natasha
  1822 | D:2      | Killed Natasha
  1822 | D:2      | Gained mutation: You can fly. [Tengu growth]
  1822 | D:2      | Reached XP level 5. HP: 28/28 MP: 6/10
  1860 | D:2      | Noticed Sigmund
  2188 | D:2      | Reached skill level 4 in Conjurations
  2205 | D:2      | Learned a level 4 spell: Sticky Flame
  2266 | D:2      | Killed Sigmund
  2266 | D:2      | Reached skill level 5 in Conjurations
  2266 | D:2      | Reached skill level 5 in Fire Magic
  2266 | D:2      | Reached XP level 6. HP: 25/32 MP: 2/11
  2346 | D:2      | Found a shadowy altar of Dithmenos.
  2395 | D:2      | Noticed Natasha
  2403 | D:2      | Killed Natasha
  2664 | D:3      | Noticed mordus's ghost (amateur TeFE)
  2668 | D:3      | Killed mordus's ghost
  3135 | D:3      | Reached skill level 6 in Conjurations
  3135 | D:3      | Reached XP level 7. HP: 13/36 MP: 4/12
  3363 | D:3      | Found a sparkling altar of Nemelex Xobeh.
  4731 | D:4      | Reached skill level 7 in Conjurations
  5033 | D:4      | Found a staircase to the Ecumenical Temple.
  5041 | Temple   | Entered the Ecumenical Temple
  5068 | Temple   | Became a worshipper of Sif Muna the Loreminder
  5234 | D:4      | Slain by a sky beast

Skill      XL: |  1  2  3  4  5  6  7 |
---------------+----------------------+-----
Conjurations   | 2 3 5 6 7 |  7.1
Fire Magic     | 4 5 6 |  6.9
Spellcasting   | 3 |  3.0
Dodging        | |  2.1
Stealth        | |  2.0

Action                   |  1- 3 |  4- 6 |  7- 9 || total
-------------------------+-------+-------+-------++-------
Melee: Unarmed           |     6 |       |       ||     6
       Peck              |     2 |     1 |     1 ||     4
       Kick              |     1 |     1 |     7 ||     9
       Mace              |     5 |       |       ||     5
       Morningstar       |       |     9 |    28 ||    37
 Cast: Flame Tongue      |    66 |    64 |    38 ||   168
       Throw Flame       |     1 |     4 |    14 ||    19
       Sticky Flame      |       |     1 |     1 ||     2
 Abil: Fly               |       |     1 |       ||     1
  Use: Scroll            |       |     2 |     6 ||     8
       Potion            |       |     1 |       ||     1
  Eat: Chunk             |     2 |     7 |     6 ||    15
Armor: Robe              |    13 |     2 |     1 ||    16
       Leather armour    |       |       |     7 ||     7
Dodge: Dodged            |    36 |    23 |    31 ||    90
Block: Buckler           |       |       |     1 ||     1
